 Dungeon Crawl Stone Soup version 0.21.1-1-g345015f (webtiles) character file.

667 tidbits the Insei (level 7, -5/53 HPs)
             Began as a Gnoll Transmuter on Feb 13, 2018.
             Was a Follower of Cheibriados.
             Slain by an ogre
             ... wielding a +0 giant spiked club
              (23 damage)
             ... on level 7 of the Dungeon.
             The game lasted 00:17:50 (1485 turns).

tidbits the Insei (Gnoll Transmuter)                Turns: 1485, Time: 00:17:51

Health: -5/53      AC:  8    Str: 18    XL:     7   Next: 57%
Magic:  14/15      EV: 16    Int: 21    God:    Cheibriados [*.....]
Gold:   268        SH:  0    Dex: 18    Spells: 4/17 levels left

rFire    . . .     SeeInvis .     - Unarmed
rCold    . . .     Gourm    .   (no shield)
rNeg     . . .     Faith    .   B - +0 robe
rPois    .         Spirit   .   E - +1 hat
rElec    .         Reflect  .   C - +2 cloak
rCorr    .         Harm     .   G - +0 pair of gloves
MR       .....                  F - +0 pair of boots
Stlth    +.........             (no amulet)
HPRegen  0.17/turn              o - ring of loudness (curse)
MPRegen  0.14/turn              u - +3 ring of strength

@: very slow
A: distributed training, fangs 1, strong nose
a: Bend Time, Renounce Religion


You were on level 7 of the Dungeon.
You worshipped Cheibriados.
Cheibriados was aware of your devotion.
You were not hungry.

You visited 2 branches of the dungeon, and saw 9 of its levels.

You collected 268 gold pieces.

Inventory:

Hand Weapons
 g - a +2 dagger of electrocution
   (You took it off an orc on level 7 of the Dungeon)
 j - a +0 dagger
 q - a +2 quarterstaff of chaos
   (You took it off Crazy Yiuf on level 3 of the Dungeon)
 w - a +0 dagger of flaming
   (You took it off Ijyb on level 3 of the Dungeon)
 H - a +0 dagger of draining
   (You took it off an orc wizard on level 8 of the Dungeon)
Missiles
 a - 81 arrows
 h - 47 sling bullets
 l - 30 stones (quivered)
Armour
 r - a +0 ring mail
 s - a +0 cloak
 A - a +1 helmet
 B - a +0 robe (worn)
 C - a +2 cloak (worn)
 E - a +1 hat (worn)
 F - a +0 pair of boots (worn)
 G - a +0 pair of gloves (worn)
Jewellery
 o - a cursed ring of loudness (left hand)
   (You found it on level 3 of the Dungeon)
 u - a +3 ring of strength (right hand)
   (You found it on level 3 of the Dungeon)
Wands
 f - a wand of flame (23)
 n - a wand of scattershot (1)
 p - a wand of paralysis (8)
 I - a wand of clouds (6)
Scrolls
 k - a scroll of amnesia
Potions
 b - 3 potions of brilliance {unknown}
 e - a potion of might {unknown}
 i - a potion of curing {unknown}
 m - a potion of resistance {unknown}
 t - a potion of mutation {unknown}
 v - a potion of flight {unknown}
 x - a potion of agility {unknown}
 z - a potion of haste
 D - 2 potions of heal wounds
Books
 c - a book of Changes

   Spells                             Type                      Level
   a - Beastly Appendage              Transmutation                1
   b - Sticks to Snakes               Transmutation                2
   c - Spider Form                    Transmutation/Poison         3
   d - Ice Form                       Ice/Transmutation            4
   e - Blade Hands                    Transmutation                5
 y - a book of Minor Magic
   (You found it on level 3 of the Dungeon)

   Spells                             Type                      Level
   a - Magic Dart                     Conjuration                  1
   b - Blink                          Translocation                2
   c - Call Imp                       Summoning                    2
   d - Slow                           Hexes                        2
   e - Conjure Flame                  Conjuration/Fire             3
   f - Mephitic Cloud                 Conjuration/Poison/Air       3
Comestibles
 d - 5 rations


   Skills:
 + Level 3.6 Fighting
 + Level 2.5 Short Blades
 + Level 2.5 Long Blades
 + Level 2.5 Axes
 + Level 2.5 Maces & Flails
 + Level 2.5 Polearms
 + Level 2.5 Staves
 + Level 2.5 Slings
 + Level 2.5 Bows
 + Level 2.5 Crossbows
 + Level 2.5 Throwing
 + Level 2.5 Armour
 + Level 5.2 Dodging
 + Level 2.5 Stealth
 + Level 2.5 Shields
 + Level 7.0 Unarmed Combat
 + Level 5.6 Spellcasting
 + Level 2.0 Conjurations
 + Level 2.0 Hexes
 + Level 2.0 Charms
 + Level 2.0 Summonings
 + Level 2.0 Necromancy
 + Level 2.0 Translocations
 + Level 4.3 Transmutations
 + Level 2.0 Fire Magic
 + Level 2.0 Ice Magic
 + Level 2.0 Air Magic
 + Level 2.0 Earth Magic
 + Level 2.0 Poison Magic
 + Level 2.8 Invocations
 + Level 2.5 Evocations


You had 4 spell levels left.
You knew the following spells:

 Your Spells              Type           Power        Failure   Level  Hunger
c - Conjure Flame         Conj/Fire      ##......     13%         3    ##.....
e - Beastly Appendage     Tmut           ###...       1%          1    None
i - Ice Form              Ice/Tmut       ###.....     26%         4    ####...
k - Sticks to Snakes      Tmut           ###.....     2%          2    None
p - Spider Form           Tmut/Pois      ###.......   9%          3    ##.....


Dungeon Overview and Level Annotations

Branches:
Dungeon (8/15)             Temple (1/1) D:4
   Lair: D:8-11

Altars:
Ashenzari
Cheibriados
Dithmenos
Gozag
Hepliaklqana
Makhleb
Nemelex Xobeh
Okawaru
Qazlal
Ru
Sif Muna
Trog
Uskayaw
Vehumet
Wu Jian
Xom
Zin
The Shining One

Shops:
D:5 [

Annotations:
D:8 Mgcat's ghost, novice GrGl


Innate Abilities, Weirdness & Mutations

Your experience applies equally to all skills.
You have very sharp teeth.
Your uncanny sense of smell can sniff out nearby items.


Message History

Found a plate armour.
The iguana hisses angrily.
Found 2 smoky brown potions.
Your adder bites the iguana.
The iguana is poisoned.
Your adder poisons the iguana!
The iguana completely misses you.
You hit the iguana.
The iguana is heavily wounded.
Your adder bites the iguana.
The iguana misses you.
Your adder bites the iguana but does no damage.
You catch the helpless iguana completely off-guard!
You bite the iguana!
You kill the iguana!
Cheibriados appreciates the change of pace.
An orc comes into view. It is wielding a hand axe of freezing.
The orc shouts!
You hear a shout!
You hear a bark!
Your transformation is almost over.
A bullfrog comes into view.
You see here 2 smoky brown potions.
b - 3 smoky brown potions (gained 2)
An orc comes into view.
It is wielding a dagger of electrocution.
The bullfrog snags a nearby centipede with its tongue.
Unknown command.
You bite the orc!
You kill the orc!
Cheibriados appreciates the change of pace.
Cheibriados raises the support of your attributes as your movement slows.
You hit the bullfrog.
The bullfrog is poisoned.
The bullfrog is lightly wounded.
The bullfrog closely misses you. x2
You hit the bullfrog.
The bullfrog looks as sick as possible!
The bullfrog is lightly wounded.
Your adder closely misses the bullfrog.
The bullfrog completely misses you.
You barely miss the bullfrog.
The bullfrog is moderately wounded.
Your adder bites the bullfrog.
The bullfrog hits you.
* * * LOW HITPOINT WARNING * * *
Your adder misses the bullfrog. You hit the orc.
The orc is severely wounded.
The bullfrog completely misses you. The orc misses you.
Your adder bites the bullfrog.
The bullfrog misses you.
You closely miss the orc.
The orc is severely wounded.
The bullfrog hits you.
* * * LOW HITPOINT WARNING * * *
The orc closely misses you.
Your adder closely misses the bullfrog.
You hit the orc but do no damage.
The orc is poisoned.
The orc is severely wounded.
Your transformation has ended.
Your +2 cloak unmelds from your body.
Your +1 hat unmelds from your body.
Your +0 pair of gloves unmelds from your body.
Your +0 pair of boots unmelds from your body.
Your +0 robe unmelds from your body.
The bullfrog releases a deep croak.
The bullfrog completely misses you.
Your adder bites the bullfrog.
The orc closely misses you.
You kill the bullfrog!
Cheibriados thoroughly appreciates the change of pace.
Your adder bites the orc.
The orc dies!
Cheibriados appreciates the change of pace.
You swap places.
An ogre comes into view. It is wielding a giant spiked club.
The ogre shouts!
You hear an angry buzzing noise.
The ogre moves out of view.
Items here: ) [[ † a hand axe of freezing; a leather armour; a plate armour; an orc corpse
Things that are here:
a dagger of electrocution; a leather armour; an orc corpse Evoke which item? (* to show all) (? for menu, Esc to quit)
Aiming: Paralyse
Press: ? - help, Shift-Dir - straight line, f - ogre
Aim: an ogre, wielding a giant spiked club (chance to defeat MR: 52%)
The ogre resists with significant effort.
g - a dagger of electrocution The killer bee appears out of thin air!
A killer bee comes into view.
The ogre closely misses you.
A killer bee comes into view.
Evoke which item? (* to show all) (? for menu, Esc to quit)
Aiming: Paralyse
Press: ? - help, Shift-Dir - straight line, f/p - ogre
Aim: an ogre, wielding a giant spiked club (chance to defeat MR: 52%)
The ogre resists with significant effort.
The killer bee misses you.
Evoke which item? (* to show all) (? for menu, Esc to quit)
Aiming: Paralyse
Press: ? - help, Shift-Dir - straight line, f/p - ogre
Aim: an ogre, wielding a giant spiked club (chance to defeat MR: 52%)
The ogre resists with significant effort.
The killer bee closely misses you. The ogre barely misses you.
The killer bee closely misses you.
Evoke which item? (* to show all) (? for menu, Esc to quit)
Aiming: Paralyse
Press: ? - help, Shift-Dir - straight line, f/p - ogre
Aim: an ogre, wielding a giant spiked club (chance to defeat MR: 52%)
The ogre resists with significant effort.
The killer bee barely misses you.
The ogre hits you with a giant spiked club!!
You die...

#.....<..........#
#.....###...##...#
#.....# ######...#
#.....# ##...# #
##.#### ####....#.#
#..#######.........#
#.................##
#..
#######.S...#.### #.
#†O@y......
#.#####.### #.. ...
#.. .. #... #... ∆
#.... ..


You could see an ogre, a killer bee and a friendly adder.

Vanquished Creatures
  An ogre (D:4)
  2 bullfrogs
  2 crimson imps (D:6)
  Crazy Yiuf (D:3)
  A bullfrog skeleton (D:2)
  An orc wizard (D:8)
  An orc priest (D:8)
  An iguana (D:7)
  Ijyb (D:3)
  2 worker ants
  A hound skeleton (D:4)
  2 adders
  A worm (D:6)
  3 dart slugs
  2 leopard geckos (D:2)
  9 orcs
  5 bats
  4 giant cockroaches
  5 goblins
  3 hobgoblins
  2 jackals (D:6)
  2 quokkas
  A ball python (D:2)
  A frilled lizard (D:2)
  2 kobolds
  6 rats
  A fungus (D:3)
63 creatures vanquished.

Vanquished Creatures (collateral kills)
  A phantom (D:4)
  An iguana (D:4)
  An orc (D:7)
  A quokka (D:6)
4 creatures vanquished.

Grand Total: 67 creatures vanquished

Notes
Turn   | Place    | Note
-------+----------+-------------------------------------------
     0 | D:1      | tidbits the Gnoll Transmuter began the quest for the Orb.
     0 | D:1      | Reached XP level 1. HP: 17/17 MP: 6/6
    53 | D:1      | Reached XP level 2. HP: 23/23 MP: 5/7
    57 | D:1      | Learned a level 2 spell: Sticks to Snakes
   253 | D:2      | Reached skill level 5 in Spellcasting
   253 | D:2      | Reached XP level 3. HP: 15/28 MP: 4/9
   258 | D:2      | Learned a level 3 spell: Spider Form
   267 | D:2      | Found an ornate altar of the Wu Jian Council.
   389 | D:2      | Reached skill level 1 in Invocations
   410 | D:2      | Reached skill level 1 in Short Blades
   410 | D:2      | Reached skill level 1 in Long Blades
   410 | D:2      | Reached skill level 1 in Axes
   410 | D:2      | Reached skill level 1 in Maces & Flails
   410 | D:2      | Reached skill level 1 in Polearms
   410 | D:2      | Reached skill level 1 in Staves
   410 | D:2      | Reached skill level 1 in Slings
   410 | D:2      | Reached skill level 1 in Bows
   410 | D:2      | Reached skill level 1 in Crossbows
   410 | D:2      | Reached skill level 1 in Throwing
   410 | D:2      | Reached skill level 1 in Armour
   410 | D:2      | Reached skill level 1 in Stealth
   410 | D:2      | Reached skill level 1 in Shields
   410 | D:2      | Reached skill level 1 in Evocations
   410 | D:2      | Reached XP level 4. HP: 17/34 MP: 1/11
   615 | D:4      | Reached skill level 1 in Conjurations
   615 | D:4      | Reached skill level 1 in Hexes
   615 | D:4      | Reached skill level 1 in Charms
   615 | D:4      | Reached skill level 1 in Summonings
   615 | D:4      | Reached skill level 1 in Necromancy
   615 | D:4      | Reached skill level 1 in Translocations
   615 | D:4      | Reached skill level 1 in Fire Magic
   615 | D:4      | Reached skill level 1 in Ice Magic
   615 | D:4      | Reached skill level 1 in Air Magic
   615 | D:4      | Reached skill level 1 in Earth Magic
   615 | D:4      | Reached skill level 1 in Poison Magic
   695 | D:4      | Reached XP level 5. HP: 37/40 MP: 6/12
   699 | D:5      | Entered Level 5 of the Dungeon
   709 | D:5      | Found a hide-covered altar of Uskayaw.
   753 | D:5      | Found Qetiarux's Armour Shop.
   830 | D:3      | Found a runed door.
   837 | D:3      | Noticed Crazy Yiuf
   844 | D:3      | Killed Crazy Yiuf
   878 | D:4      | Found a staircase to the Ecumenical Temple.
   885 | Temple   | Entered the Ecumenical Temple
   949 | Temple   | Became a worshipper of Cheibriados the Contemplative
   962 | D:4      | Learned a level 4 spell: Ice Form
   964 | D:4      | Noticed a phantom
   987 | D:4      | Killed a phantom
   987 | D:4      | Reached skill level 3 in Fighting
   987 | D:4      | Reached skill level 4 in Transmutations
   987 | D:4      | Reached XP level 6. HP: 28/47 MP: 11/13
  1059 | D:3      | Noticed Ijyb
  1061 | D:3      | Paralysed by Ijyb for 2 turns
  1073 | D:3      | Killed Ijyb
  1073 | D:3      | Reached skill level 2 in Invocations
  1128 | D:4      | Reached skill level 2 in Short Blades
  1128 | D:4      | Reached skill level 2 in Long Blades
  1128 | D:4      | Reached skill level 2 in Axes
  1128 | D:4      | Reached skill level 2 in Maces & Flails
  1128 | D:4      | Reached skill level 2 in Polearms
  1128 | D:4      | Reached skill level 2 in Staves
  1128 | D:4      | Reached skill level 2 in Slings
  1128 | D:4      | Reached skill level 2 in Bows
  1128 | D:4      | Reached skill level 2 in Crossbows
  1128 | D:4      | Reached skill level 2 in Throwing
  1128 | D:4      | Reached skill level 2 in Armour
  1128 | D:4      | Reached skill level 5 in Dodging
  1128 | D:4      | Reached skill level 2 in Stealth
  1128 | D:4      | Reached skill level 2 in Shields
  1128 | D:4      | Reached skill level 2 in Evocations
  1238 | D:6      | Reached * piety under Cheibriados
  1238 | D:6      | Reached XP level 7. HP: 47/52 MP: 11/15
  1252 | D:6      | Reached skill level 7 in Unarmed Combat
  1335 | D:6      | Found a sparkling altar of Nemelex Xobeh.
  1384 | D:8      | Reached skill level 2 in Conjurations
  1384 | D:8      | Reached skill level 2 in Hexes
  1384 | D:8      | Reached skill level 2 in Charms
  1384 | D:8      | Reached skill level 2 in Summonings
  1384 | D:8      | Reached skill level 2 in Necromancy
  1384 | D:8      | Reached skill level 2 in Translocations
  1384 | D:8      | Reached skill level 2 in Fire Magic
  1384 | D:8      | Reached skill level 2 in Ice Magic
  1384 | D:8      | Reached skill level 2 in Air Magic
  1384 | D:8      | Reached skill level 2 in Earth Magic
  1384 | D:8      | Reached skill level 2 in Poison Magic
  1415 | D:8      | Noticed Mgcat's ghost (novice GrGl)
  1430 | D:8      | Learned a level 3 spell: Conjure Flame
  1485 | D:7      | Slain by an ogre

Skill      XL: |  1  2  3  4  5  6  7 |
---------------+----------------------+-----
Spellcasting   | 5 |  5.6
Invocations    | 1 2 |  2.8
Short Blades   | 1 2 |  2.5
Long Blades    | 1 2 |  2.5
Axes           | 1 2 |  2.5
Maces & Flails | 1 2 |  2.5
Polearms       | 1 2 |  2.5
Staves         | 1 2 |  2.5
Slings         | 1 2 |  2.5
Bows           | 1 2 |  2.5
Crossbows      | 1 2 |  2.5
Throwing       | 1 2 |  2.5
Armour         | 1 2 |  2.5
Stealth        | 1 2 |  2.5
Shields        | 1 2 |  2.5
Evocations     | 1 2 |  2.5
Conjurations   | 1 2 |  2.0
Hexes          | 1 2 |  2.0
Charms         | 1 2 |  2.0
Summonings     | 1 2 |  2.0
Necromancy     | 1 2 |  2.0
Translocations | 1 2 |  2.0
Fire Magic     | 1 2 |  2.0
Ice Magic      | 1 2 |  2.0
Air Magic      | 1 2 |  2.0
Earth Magic    | 1 2 |  2.0
Poison Magic   | 1 2 |  2.0
Fighting       | 3 |  3.6
Transmutations | 4 |  4.3
Dodging        | 5 |  5.2
Unarmed Combat | 7 |  7.0

Action                   |  1- 3 |  4- 6 |  7- 9 || total
-------------------------+-------+-------+-------++-------
Melee: Unarmed           |    61 |    77 |    31 ||   169
       Kick              |     7 |     1 |       ||     8
       Bite              |     2 |     2 |       ||     4
       Punch             |     1 |       |       ||     1
       Headbutt          |     3 |     4 |       ||     7
 Cast: Beastly Appendage |    13 |     4 |       ||    17
       Sticks to Snakes  |     2 |     6 |     3 ||    11
       Spider Form       |     1 |     9 |     3 ||    13
Invok: Bend Time         |       |       |     2 ||     2
 Abil: End Transformatio |       |     1 |       ||     1
Evoke: Wand              |       |     3 |     6 ||     9
  Use: Scroll            |       |     9 |     3 ||    12
 Stab: Sleeping          |     1 |       |       ||     1
       Distracted        |     1 |       |     1 ||     2
       Paralysed         |       |     3 |       ||     3
  Eat: Chunk             |       |     2 |     1 ||     3
Armor: Robe              |     8 |     2 |       ||    10
Dodge: Dodged            |    30 |    50 |    39 ||   119

Table legend:
 A = Turns spent in this place as a percentage of turns spent in the entire game.
 B = Non-inter-level travel turns spent in this place as a percentage of non-inter-level travel turns spent in the entire game.
 C = Inter-level travel turns spent in this place as a percentage of turns spent in this place.
 D = Turns resting spent in this place as a percentage of non-inter-level travel turns spent in this place.
 E = Turns spent auto-exploring this place as a percentage of non-inter-level travel turns spent in this place.
 F = Non-inter-level travel turns spent in this place divided by the number of levels of this place that you've seen.
                   A       B       C       D       E      F
               +-------+-------+-------+-------+-------+----------------------
         Total | 100.0 | 100.0 |   0.9 |   0.0 |   0.0 | 163.4
       Dungeon |  95.2 |  95.2 |   1.0 |   0.0 |   0.0 | 175.0
        Temple |   4.8 |   4.8 |   0.0 |   0.0 |   0.0 |  71.0
               +-------+-------+-------+-------+-------+----------------------

Table legend:
 A = Kills in this place as a percentage of kills in entire the game.
 B = Kills by you in this place as a percentage of kills by you in the entire game.
 C = Kills by friends in this place as a percentage of kills by friends in the entire game.
 D = Other kills in this place as a percentage of other kills in the entire game.
 E = Experience gained in this place as a percentage of experience gained in the entire game.
 F = Experience gained in this place divided by the number of levels of this place that you have seen.
                   A       B       C       D       E      F
               +-------+-------+-------+-------+-------+----------------------
         Total | 100.0 | 100.0 | 100.0 |   N/A | 100.0 | 105.9
       Dungeon | 100.0 | 100.0 | 100.0 |   N/A | 100.0 | 119.1
               +-------+-------+-------+-------+-------+----------------------

Vault maps used:
D:1:      matt_arrival_grand_opening
D:2:      old_standard_altar
D:3:      supply_closet_lemuel, nrook_loot_triangle, uniq_crazy_yiuf_cottage,
          uniq_ijyb
D:4:      minmay_temple_entry_mist, first_ration, grunt_tough_drop, uniq_sigmund
D:5:      nicolae_overflow_crystal_walls, serial_shops, shop_statue,
          roderic_roman_lattice, kennysheep_diamond, lemuel_another_geyser,
          uniq_menkaure
D:6:      kennysheep_mini_moat
D:7:      kiku_gazebo_pond_becter, kennysheep_mini, fedhas_altar_2
Temple:   regret_index_temple_waves
